 Dungeon Crawl Stone Soup version 0.22.1-6-g1668fe2 (webtiles) character file.

17304 tognito the Executioner (level 12, -6/90 HPs)
             Began as a Minotaur Berserker on Jan 20, 2019.
             Was a High Priest of Trog.
             Engulfed by a cloud of freezing vapour (12 damage)
             ... in an ice cave.
             The game lasted 00:27:39 (11477 turns).

tognito the Executioner (Minotaur Berserker)       Turns: 11477, Time: 00:27:40

Health: -6/90      AC: 18    Str: 24 (26) XL:     12   Next: 17%
Magic:  11/11      EV: 10    Int:  4      God:    Trog [*****.]
Gold:   861        SH:  0    Dex: 11      Spells: 11/11 levels left

rFire    + . .     SeeInvis +   a - +7 battleaxe of Absolution {flame, rPois SInv Stlth-}
rCold    . . .     Gourm    .   (shield currently unavailable)
rNeg     . . .     Faith    .   f - +0 plate armour
rPois    +         Spirit   .   (helmet restricted)
rElec    .         Reflect  .   s - +1 cloak
rCorr    .         Harm     .   (no gloves)
MR       .....                  i - +2 pair of boots
Stlth    ..........             (no amulet)
HPRegen  0.25/turn              F - ring of protection from fire
MPRegen  0.12/turn              I - +3 ring of evasion

@: no status effects
A: retaliatory headbutt, horns 2, thin metallic scales 1, deterioration 1
a: Berserk, Trog's Hand, Brothers in Arms, Renounce Religion


You were in an ice cave.
You worshipped Trog.
Trog was extremely pleased with you.
You were not hungry.

You visited 1 branch of the dungeon, and saw 13 of its levels.
You also visited: Ice Cave.

You collected 861 gold pieces.

Inventory:

Hand Weapons
 a - the +7 battleaxe of Absolution (weapon) {flame, rPois SInv Stlth-}
   (You acquired it on level 8 of the Dungeon)

   It has been specially enchanted to burn those struck by it, causing extra
   injury to most foes and up to half again as much damage against particularly
   susceptible opponents.
   Big, fiery blades are also staple armaments of hydra-hunters.
   It protects you from poison.
   It lets you see invisible.
   It makes you less stealthy.
 b - a +0 shortbow of freezing
Missiles
 g - 187 arrows
 p - 129 bolts
 r - 5 javelins (quivered)
Armour
 f - a +0 plate armour (worn)
 i - a +2 pair of boots (worn)
 s - a +1 cloak (worn)
 v - a scarf of repulsion
 H - a scarf of cloud immunity
Jewellery
 l - an uncursed ring of protection from fire
 m - an uncursed ring of see invisible
 q - an uncursed amulet of the acrobat {unknown}
 F - a ring of protection from fire (left hand)
 G - a +3 ring of intelligence
 I - a +3 ring of evasion (right hand)
Wands
 h - a wand of enslavement (11)
 o - a wand of flame (28)
 x - a wand of digging (16)
 y - a wand of iceblast (13)
 A - a wand of random effects (16)
 D - a wand of scattershot (4)
Scrolls
 d - 8 scrolls of identify
 e - 7 scrolls of teleportation
 j - 2 scrolls of remove curse
 k - 2 scrolls of blinking
 n - 3 scrolls of enchant weapon
 t - a scroll of fog {unknown}
 u - 2 scrolls of magic mapping
 K - a scroll of enchant armour
Potions
 w - 5 potions of haste
 z - 3 potions of agility
 B - 5 potions of curing
 C - a potion of brilliance
 E - 2 potions of heal wounds
 J - a potion of flight
Comestibles
 c - 25 rations
 L - 3 chunks of flesh


   Skills:
 - Level 3.6 Fighting
 + Level 21.4 Axes
 - Level 2.4 Armour
 - Level 2.1 Dodging


You had 11 spell levels left.
You didn't know any spells.
Your spell library was empty.

Dungeon Overview and Level Annotations

Branches:
Dungeon (13/15)            Temple (0/1) D:4            Lair (0/6) D:8
    Orc (0/2) D:12
 Vaults: D:13-14

Altars:
Ashenzari
Hepliaklqana
Nemelex Xobeh
Qazlal
Ru
Uskayaw
Xom
Yredelemnul

Shops:
D:10 =


Innate Abilities, Weirdness & Mutations

You reflexively headbutt those who attack you in melee.
You have a pair of horns on your head.
You are partially covered in thin metallic scales. (AC +2)
Your body sometimes deteriorates upon taking damage.


Message History

You kill the polar bear!
Trog accepts your kill.
You feel your strength returning.
You are engulfed in freezing vapours.
You see here a polar bear corpse.
You butcher the polar bear corpse.
You are engulfed in freezing vapours.
* * * LOW HITPOINT WARNING * * *
Your body deteriorates!
You feel weakened.
The yak is engulfed in freezing vapours.
The yak gores you but does no damage.
Things that are here:
4 chunks of flesh; a polar bear skeleton You slice the yak!!
You burn the yak!
You kill the yak!
Trog accepts your kill.
You are engulfed in freezing vapours.
* * * LOW HITPOINT WARNING * * *
Unknown command.
You are engulfed in freezing vapours.
You die...

### ##§## ##§§§## ###
##§§§§@#
####.###.§#§#§..#
###..÷.....###.#.....#
#..∩.÷...### .###...##
#.∩....#.## #. ####
#..####### $ ### $# ##


There were no monsters in sight!

Vanquished Creatures
  2 two-headed ogres
  An orange crystal statue (D:10)
  A deep elf mage (D:12)
  Pikel (D:8)
  2 manticores (D:11)
  An ugly thing (D:12)
  2 centaur zombies
  Psyche (D:8)
  A komodo dragon (D:8)
  3 trolls
  3 polar bears (IceCv)
  A hornet (D:11)
  Prince Ribbit (D:9)
  2 hippogriffs
  A shadow (D:11)
  2 wyverns
  13 yaks
  Grum (D:8)
  2 hungry ghosts
  A basilisk (D:11)
  2 soldier ants
  An acid dragon (D:12)
  A water moccasin (D:10)
  A slave (D:8)
  4 orc warriors
  4 ice beasts
  2 necrophages
  7 ogres
  6 wolves
  5 centaurs
  2 crocodiles (D:12)
  2 big kobolds
  4 bullfrogs
  2 scorpions
  21 killer bees
  7 wights (D:11)
  3 electric eels (D:12)
  2 howler monkeys
  8 crimson imps
  A bullfrog zombie (D:5)
  2 jellies
  An orc priest (D:12)
  11 hounds
  4 centaur skeletons
  5 bullfrog skeletons
  12 orc wizards
  Terence (D:2)
  Jessica (D:2)
  3 iguanas
  10 worker ants
  A hound zombie (D:11)
  2 hound skeletons
  2 worker ant zombies
  3 gnolls (D:6)
  6 adders
  2 shadow imps
  2 oozes
  3 adder zombies
  2 adder skeletons
  4 worms
  4 dart slugs
  A leopard gecko (D:1)
  43 orcs
  4 ball pythons
  7 giant cockroaches
  7 goblins
  10 hobgoblins
  13 jackals
  5 quokkas
  13 bats
  6 frilled lizards
  19 kobolds
  A leopard gecko zombie (D:8)
  A quokka zombie (D:9)
  4 rats
342 creatures vanquished.

Vanquished Creatures (collateral kills)
  A hydra (D:12)
1 creature vanquished.

Vanquished Creatures (others)
  3 slaves (D:8)
  7 plants
10 creatures vanquished.

Grand Total: 353 creatures vanquished

Notes
Turn   | Place    | Note
-------+----------+-------------------------------------------
     0 | D:1      | tognito the Minotaur Berserker began the quest for the Orb.
     0 | D:1      | Reached XP level 1. HP: 19/19 MP: 0/0
    64 | D:1      | Reached skill level 4 in Axes
    82 | D:1      | Reached XP level 2. HP: 24/26 MP: 1/1
   357 | D:1      | Reached skill level 5 in Axes
   440 | D:1      | Reached XP level 3. HP: 30/31 MP: 2/2
   789 | D:2      | Reached ** piety under Trog
   912 | D:2      | Noticed Terence
   930 | D:2      | Killed Terence
   930 | D:2      | Reached skill level 6 in Axes
   930 | D:2      | Reached XP level 4. HP: 34/39 MP: 3/3
  1035 | D:2      | Found a sparkling altar of Nemelex Xobeh.
  1102 | D:2      | Noticed Jessica
  1117 | D:2      | Killed Jessica
  1640 | D:3      | Reached skill level 7 in Axes
  1640 | D:3      | Reached XP level 5. HP: 43/45 MP: 4/4
  1857 | D:3      | Found a sacrificial altar of Ru.
  1866 | D:3      | Found a basalt altar of Yredelemnul.
  1871 | D:3      | Found a stormy altar of Qazlal.
  2330 | D:4      | Reached *** piety under Trog
  2497 | D:4      | Reached skill level 8 in Axes
  2497 | D:4      | Reached XP level 6. HP: 51/51 MP: 5/5
  2688 | D:4      | Reached skill level 9 in Axes
  3133 | D:4      | Found a staircase to the Ecumenical Temple.
  3216 | D:5      | Entered Level 5 of the Dungeon
  3465 | D:5      | Reached XP level 7. HP: 28/57 MP: 6/6
  3473 | D:5      | Reached skill level 10 in Axes
  3473 | D:5      | Reached **** piety under Trog
  3794 | D:5      | Found a sparkling altar of Nemelex Xobeh.
  3870 | D:5      | Gained mutation: Your body sometimes deteriorates upon
                  | taking damage. [potion of mutation]
  3870 | D:5      | Gained mutation: You are partially covered in thin metallic
                  | scales. (AC +2) [potion of mutation]
  4164 | D:6      | Reached skill level 11 in Axes
  4434 | D:6      | Found a shattered altar of Ashenzari.
  4600 | D:6      | Reached XP level 8. HP: 64/64 MP: 7/7
  4748 | D:7      | Found a hide-covered altar of Uskayaw.
  4748 | D:7      | Found a hazy altar of Hepliaklqana.
  5068 | D:7      | Found a shimmering altar of Xom.
  5224 | D:8      | Noticed Pikel
  5234 | D:8      | Killed Pikel
  5234 | D:8      | Reached skill level 13 in Axes
  5315 | D:8      | Noticed Grum
  5329 | D:8      | Killed Grum
  5543 | D:8      | Noticed Psyche
  5545 | D:8      | Reached XP level 9. HP: 70/70 MP: 8/8
  5551 | D:8      | Killed Psyche
  5551 | D:8      | Reached skill level 14 in Axes
  5786 | D:8      | Noticed a two-headed ogre
  5795 | D:8      | Killed a two-headed ogre
  5795 | D:8      | Reached skill level 15 in Axes
  6314 | D:8      | Identified a scroll of acquirement
  6317 | D:8      | Got a fine battleaxe
  6319 | D:8      | Identified the +7 battleaxe of Absolution {flame, rPois
                  | SInv Stlth-} (You acquired it on level 8 of the Dungeon)
  6370 | D:8      | Noticed a komodo dragon
  6377 | D:8      | Killed a komodo dragon
  6443 | D:8      | Reached skill level 16 in Axes
  6450 | D:8      | Found a staircase to the Lair.
  7171 | D:9      | Noticed Prince Ribbit
  7177 | D:9      | Killed Prince Ribbit
  7183 | D:9      | Reached XP level 10. HP: 68/77 MP: 9/9
  7259 | D:9      | Noticed a two-headed ogre
  7265 | D:9      | Killed a two-headed ogre
  7418 | D:9      | Reached skill level 17 in Axes
  7423 | D:9      | Reached ***** piety under Trog
  7909 | D:10     | Entered Level 10 of the Dungeon
  7971 | D:10     | Reached skill level 18 in Axes
  8025 | D:10     | Found Fojuopsio's Jewellery Shop.
  8045 | D:10     | Noticed an orange crystal statue
  8302 | D:10     | Killed an orange crystal statue
  8302 | D:10     | Reached XP level 11. HP: 72/82 MP: 6/10
  8303 | D:10     | Received a gift from Trog
  8431 | D:10     | Reached skill level 19 in Axes
  9287 | D:11     | Reached skill level 20 in Axes
 10222 | D:12     | Noticed a deep elf mage
 10228 | D:12     | Killed a deep elf mage
 10241 | D:12     | Noticed a six-headed hydra
 10248 | D:12     | Killed a five-headed hydra
 10248 | D:12     | Reached skill level 21 in Axes
 10440 | D:12     | Received a gift from Trog
 10457 | D:12     | Reached XP level 12. HP: 86/90 MP: 4/11
 10795 | D:12     | Found a staircase to the Orcish Mines.
 11433 | D:13     | Found a frozen archway.
 11442 | IceCv    | Entered an ice cave
 11477 | IceCv    | Engulfed by a cloud of freezing vapour

Skill      XL: |  1  2  3  4  5  6  7  8  9 10 11 |
---------------+----------------------------------+-----
Axes           | 4 5 6 7 8 9 11 13 16 18 21 | 21.4
Fighting       | |  3.6
Armour         | |  2.4
Dodging        | |  2.1

Action                   |  1- 3 |  4- 6 |  7- 9 | 10-12 || total
-------------------------+-------+-------+-------+-------++-------
Melee: Hand axe          |    78 |   140 |       |       ||   218
       Headbutt          |    13 |    24 |    18 |    41 ||    96
       War axe           |       |    36 |   114 |       ||   150
       Unarmed           |       |       |    16 |       ||    16
       Battleaxe         |       |       |    14 |   296 ||   310
 Fire: Shortbow          |       |       |    30 |   159 ||   189
Throw: Javelin           |       |     5 |     3 |       ||     8
Invok: Berserk           |       |       |     2 |       ||     2
       Brothers in Arms  |       |       |       |     1 ||     1
  Use: Potion            |     3 |     5 |     3 |     1 ||    12
       Scroll            |       |       |     7 |    10 ||    17
 Stab: Sleeping          |     1 |       |       |       ||     1
  Eat: Chunk             |       |     8 |    12 |    17 ||    37
Armor: Animal skin       |    18 |       |       |       ||    18
       Ring mail         |     8 |       |       |       ||     8
       Chain mail        |       |   103 |    95 |    19 ||   217
       Plate armour      |       |       |       |   127 ||   127
Dodge: Dodged            |    62 |    70 |    79 |   163 ||   374
       Deflected         |       |       |     3 |       ||     3
